 Dungeon Crawl Stone Soup version 0.23-a0-8-gb809bb70e4 (webtiles) character file.

28 Kaname the Magician (level 3, 18/24 HPs)
             Began as a Demonspawn Wizard on Aug 1, 2018.
             Quit the game on level 2 of the Dungeon.
             The game lasted 00:03:38 (1110 turns).

Kaname the Magician (Demonspawn Wizard)             Turns: 1110, Time: 00:03:38

Health: 18/24      AC:  4    Str:  7    XL:     3   Next: 0%
Magic:  3/7        EV: 12    Int: 20    God:
Gold:   96         SH:  0    Dex: 11    Spells: 7/8 levels left

rFire    . . .     SeeInvis .   g - +0 short sword
rCold    . . .     Gourm    .   (no shield)
rNeg     . . .     Faith    .   a - +0 robe
rPois    .         Spirit   .   b - +0 hat
rElec    .         Reflect  .   (no cloak)
rCorr    .         Harm     +   (no gloves)
MR       .....                  l - +0 pair of boots
Stlth    ++........             n - amulet of harm
HPRegen  0.08/turn              (no ring)
MPRegen  0.10/turn              (no ring)

@: no status effects
A: rugged brown scales 1, rot immunity
a: no special abilities


You were on level 2 of the Dungeon.
You were hungry.

You visited 1 branch of the dungeon, and saw 2 of its levels.

You collected 96 gold pieces.

Inventory:

Hand Weapons
 g - a +0 short sword (weapon)
Armour
 a - a +0 robe (worn)
 b - a +0 hat (worn)
 l - a +0 pair of boots (worn)
Jewellery
 n - an amulet of harm (around neck)
Scrolls
 c - a scroll of enchant armour {unknown}
 e - a scroll of remove curse {unknown}
 h - a scroll of magic mapping {unknown}
 j - 2 scrolls of identify {unknown}
 k - a scroll of fog {unknown}
 m - a scroll of amnesia {unknown}
Potions
 f - a potion of degeneration {unknown}
 i - a potion of mutation {unknown}
 o - 2 potions of ambrosia {unknown}
Comestibles
 d - 2 rations


   Skills:
 - Level 1.7 Dodging
 - Level 1.7 Stealth
 - Level 3.0 Spellcasting
 + Level 3.0 Conjurations
   Level 1.0 Summonings
   Level 0.8 Translocations


You had 7 spell levels left.
You knew the following spells:

 Your Spells              Type           Power        Failure   Level  Hunger
a - Magic Dart            Conj           ###.         4%          1    None

Your spell library contained the following spells:

 Spells                   Type           Power        Failure   Level  Hunger
 Conjure Flame            Conj/Fire      #.......     22%         3    ###....
 Slow                     Hex            #.......     22%         2    ##.....
 Mephitic Cloud           Conj/Pois/Air  #.......     28%         3    ###....
 Blink                    Tloc           N/A          16%         2    ##.....
 Call Imp                 Summ           #.......     14%         2    ##.....


Dungeon Overview and Level Annotations

Branches:
Dungeon (2/15)

Altars:
Makhleb


Innate Abilities, Weirdness & Mutations

You are partially covered in rugged brown scales. (AC +1, +3% HP)
You are immune to rotting.


Message History

Press: ? - help, Shift-Dir - straight line, f - kobold
Aim: a kobold (resting)
The magic dart hits the kobold.
The kobold is moderately wounded.
The kobold shouts!
The kobold throws a stone.
The stone barely misses you.
Casting: Magic Dart (safe; 4% risk of failure)
Confirm with . or Enter, or press ? or * to list all spells.
Aiming: Magic Dart (safe; 4% risk of failure)
Press: ? - help, Shift-Dir - straight line, f/p - kobold
Aim: a kobold (moderately wounded)
The magic dart hits the kobold.
You kill the kobold!
You have reached level 3!
Your experience leads to an increase in your attributes!
Increase (S)trength, (I)ntelligence, or (D)exterity?
You feel clever.
Your demonic ancestry asserts itself...
Rugged brown scales grow over part of your body.
A kobold comes into view. It is wielding a short sword.
Are you sure you want to abandon this character and quit the game? (Confirm with "yes".)

#.....## #.#
#.##### #.# #.#
#.#
#.##############.#
#.##.............#
#.##.#############
#.##...###
#.##.#...#
#.##...#@#
#..##.......K
#..########## #..#
#..# ...# #####


You could see a kobold (wandering).

Vanquished Creatures
  A dart slug (D:2)
  2 goblins
  5 hobgoblins
  6 kobolds
  7 frilled lizards
  5 rats
26 creatures vanquished.

Notes
Turn   | Place    | Note
-------+----------+-------------------------------------------
     0 | D:1      | Kaname the Demonspawn Wizard began the quest for the Orb.
     0 | D:1      | Reached XP level 1. HP: 13/13 MP: 4/4
   508 | D:1      | Gained mutation: You are immune to rotting. [demonic ancestry]
   508 | D:1      | Reached XP level 2. HP: 13/19 MP: 3/6
   968 | D:2      | Found a burning altar of Makhleb.
  1109 | D:2      | Gained mutation: You are partially covered in rugged brown scales. (AC +1, +3% HP) [demonic ancestry]
  1109 | D:2      | Reached XP level 3. HP: 18/24 MP: 3/7
  1110 | D:2      | Quit the game

Vault maps used:
D:1:      dpeg_arrival_pond, st_stairs_13, minmay_misc_feat_ornament
D:2:      overflow_temple_1_default, gammafunk_temple_overflow_statue,
          first_ration

Skill      XL: |  1  2 |
---------------+-------+-----
Conjurations   | 2 3 |  3.0
Dodging        | |  1.7
Stealth        | |  1.7
Spellcasting   | |  3.0
Summonings     | |  1.0
Translocations | |  0.8

Action                   || total
-------------------------++-------
Melee: Unarmed           ||    11
       Short sword       ||    25
 Cast: Magic Dart        ||    45
 Stab: Sleeping          ||     1
Armor: Robe              ||     3
Dodge: Dodged            ||    30

Table legend:
 A = Spawn XP
 B = Non-spawn XP
 C = Spawn XP percentage of total XP
 D = Spawn monster count
 E = Non-spawn monster count
 F = Spawn count percentage of total count
 G = Total turns spent on level
                    A         B        C        D         E        F      G
               +---------+---------+-------+---------+---------+-------+---------
         Total |       0 |      41 |   0.0 |       0 |      26 |   0.0 |  1110
               +---------+---------+-------+---------+---------+-------+---------
           D:1 |       0 |      22 |   0.0 |       0 |      15 |   0.0 |   929
           D:2 |       0 |      19 |   0.0 |       0 |      11 |   0.0 |   181
               +---------+---------+-------+---------+---------+-------+---------
